Map: Acid Plant LE

Players

GIN - Winner!

  • Race: Terran Terran
  • League: Platinum
  • Spawn Location: 5:00

Root

  • Race: Terran Terran
  • League: Platinum
  • Spawn Location: 11:00

VOD

Have the link to the VOD?

Description

Time

  • Played on: July 26, 2018, 10:03 a.m.
  • Length: 21:58
Show
View Real Time Build Order
Export as new Build Order

GIN Terran - Winner!

Build Orders: Reaper Expand, MMM Bio 

Get SALT Encoding   

  12  0:00  SCV  
  13  0:15  Supply Depot  
  13  0:17  SCV  
  14  0:27  Refinery  
  14  0:29  SCV  
  15  0:42  Barracks  
  15  0:46  SCV  
  16  0:58  SCV  
  17  1:10  SCV  
  18  1:22  SCV  
  19  1:30  Reaper  
  20  1:40  Command Center  
  20  1:45  SCV  
  21  1:51  Supply Depot  
  21  1:57  Orbital Command  
  21  2:09  Barracks Reactor  
  21  2:16  Factory  
  21  2:23  SCV  
  22  2:31  Supply Depot  
  22  2:35  SCV  
  23  2:48  Marine x2  
  25  2:58  SCV  
  26  3:02  Hellion  
  28  3:06  Starport  
  28  3:13  Marine x2  
  30  3:40  Marine  
  30  3:41  Marine  
  32  3:44  Factory Reactor  
  32  3:46  Medivac  
  34  3:51  Barracks  
  34  3:52  SCV  
  34  3:54  Orbital Command  
  35  3:59  Engineering Bay  
  35  4:03  Marine x2  
  35  4:04  SCV  
  38  4:16  SCV  
  39  4:23  Marine x2  
  41  4:26  Terran Infantry Weapons Level 1  
  41  4:28  SCV  
  41  4:29  Refinery  
  42  4:34  SCV  
  42  4:38  Refinery  
  43  4:40  SCV  
  44  4:46  SCV  
  45  4:54  Marine  
  45  4:56  Barracks Tech Lab  
  45  4:57  Marine  
  45  4:59  Medivac  
  49  5:06  SCV  
  49  5:07  SCV  
  51  5:08  Engineering Bay  
  51  5:19  Marine  
  51  5:20  Marine x2  
  54  5:51  Supply Depot  
  54  5:53  Supply Depot x2  
  54  6:05  Stimpack  
  54  6:12  SCV x2, Marine x3  
  59  6:18  Barracks  
  59  6:29  Missile Turret  
  59  6:30  Marine  
  60  6:35  Missile Turret  
  60  6:40  Liberator  
  60  6:50  Missile Turret  
  58  7:01  Medivac  
  63  7:03  SCV  
  63  7:04  SCV  
  63  7:06  Terran Infantry Armor Level 1  
  65  7:11  Armory, Barracks Reactor  
  65  7:12  Marine x2  
  65  7:13  Marauder  
  65  7:14  Factory Tech Lab  
  69  7:16  SCV  
  69  7:17  SCV  
  71  7:28  SCV  
  71  7:29  SCV  
  72  7:30  Marine x2  
  74  7:46  Marine x2  
  74  7:47  Marine  
  77  7:57  Supply Depot  
  77  7:58  Supply Depot  
  77  8:00  Supply Depot  
  77  8:02  Supply Depot x2  
  77  8:04  Supply Depot  
  77  8:07  Supply Depot  
  77  8:18  Siege Tank  
  80  8:24  Command Center  
  58  8:48  Marine  
  58  8:49  Marine x3  
  58  8:50  Marauder  
  58  8:51  Siege Tank  
  67  9:06  Combat Shield, Marine x2  
  67  9:07  Terran Infantry Weapons Level 2, Marine x2  
  67  9:08  Terran Infantry Armor Level 2  
  71  9:11  Marine  
  71  9:13  Liberator  
  72  9:24  Marine x3  
  72  9:25  Marine  
  72  9:29  Marauder  
  84  9:34  Medivac  
  83  9:40  Starport  
  83  9:42  Marine x3  
  83  9:43  Planetary Fortress, SCV x2  
  88  9:50  Liberator  
  88  9:52  Marine  
  88  9:53  Marauder  
  88  9:55  SCV x2  
  93  10:07  SCV x2  
  93  10:11  Marine x4  
  102  10:15  Marauder  
  102  10:17  Supply Depot  
  102  10:20  Supply Depot  
  104  10:21  Supply Depot  
  104  10:22  Starport Tech Lab  
  104  10:24  Siege Tank, Supply Depot  
  107  11:09  Fusion Core  
  107  11:11  Siege Tank  
  78  11:49  Marine  
  78  11:50  Marine x4  
  78  11:52  Siege Tank  
  74  11:54  Medivac x2  
  74  11:55  Medivac  
  74  11:58  Advanced Ballistics  
  80  12:07  Marine x2  
  80  12:08  Marine x3  
  84  12:13  Terran Infantry Weapons Level 3, Barracks  
  85  12:16  Barracks  
  85  12:19  Refinery  
  85  12:24  Medivac  
  85  12:25  Marine  
  88  12:31  Medivac  
  90  12:38  Medivac  
  92  12:51  Missile Turret  
  92  12:52  Missile Turret  
  92  12:53  SCV x3  
  95  13:05  SCV  
  79  13:13  Missile Turret  
  79  13:14  Marine x5  
  79  13:15  Missile Turret  
  79  13:18  Barracks Reactor  
  79  13:19  Barracks Reactor  
  82  13:28  Siege Tank  
  82  13:31  Marine  
  82  13:32  Marine x4  
  88  13:38  Missile Turret  
  88  13:39  Terran Infantry Armor Level 3  
  88  13:49  Marine x3  
  88  13:50  Marauder, Marine  
  94  14:00  Siege Tank  
  94  14:01  Marine x4  
  101  14:07  Marine x4  
  101  14:08  Refinery, SCV x2  
  101  14:09  SCV  
  108  14:12  Marauder  
  110  14:17  Concussive Shells  
  110  14:18  Marine  
  110  14:19  Marine x3  
  110  14:23  Medivac x2  
  110  14:24  Medivac  
  120  14:25  Marine x4  
  124  14:33  Marine  
  124  14:36  Marine x3  
  124  14:37  Marine  
  129  14:43  Marine x4  
  133  14:50  Marine  
  134  14:54  Marine x4  
  134  15:00  Marine  
  132  15:17  Siege Tank  
  132  15:21  Marine  
  132  15:22  Marine x3  
  132  15:23  Marine x5  
  118  15:39  Marine  
  118  15:40  Marine x5  
  118  15:41  Marine x3  
  127  15:49  Siege Tank  
  130  15:50  Refinery  
  130  15:53  Refinery, Command Center  
  130  15:57  Marine  
  130  15:58  Marine x6  
  130  15:59  Marine x2  
  139  16:04  Factory  
  139  16:09  Medivac  
  139  16:10  Medivac  
  143  16:15  Marine  
  132  16:55  Siege Tank  
  132  16:56  Marine  
  132  16:57  Marine x6  
  132  16:58  Marine x2  
  144  17:14  Marine x2  
  144  17:15  Marine x4  
  125  18:47  Marine x3  
  125  18:48  Marine x6  
  131  18:50  Medivac x2  
  131  18:52  Siege Tank  
  141  19:04  Marine  
  141  19:05  Marine  
  143  19:10  Command Center  
  143  19:12  Command Center  
  111  19:39  Marine x3  
  111  19:40  Marine x6  
  120  19:57  Marine  
  120  19:58  Marine x5  
  126  20:17  Marine  
  127  20:45  Marine x2  
Show
View Real Time Build Order
Export as new Build Order

Root Terran 

Build Orders: MMM Bio 

Get SALT Encoding   

  12  0:00  SCV  
  13  0:13  SCV  
  14  0:17  Supply Depot  
  14  0:25  SCV  
  15  0:37  Refinery  
  15  0:39  SCV  
  16  0:45  Barracks  
  16  0:51  SCV  
  17  1:03  SCV  
  18  1:09  Barracks  
  18  1:15  SCV  
  18  1:17  Refinery  
  19  1:27  SCV  
  20  1:38  Reaper  
  21  1:41  Supply Depot  
  21  1:44  SCV  
  22  1:56  SCV  
  23  2:03  Reaper  
  24  2:10  Reaper  
  25  2:17  Orbital Command  
  25  2:27  Factory  
  25  2:35  Reaper  
  26  2:57  Barracks Reactor  
  26  2:59  Command Center  
  26  3:01  SCV  
  27  3:13  SCV, Factory Tech Lab  
  27  3:15  Barracks Tech Lab  
  27  3:18  Starport  
  28  3:22  Supply Depot  
  28  3:25  SCV  
  25  3:42  Stimpack  
  25  3:43  Marine  
  25  3:44  Marine x2  
  28  3:48  Siege Tank  
  31  3:58  Engineering Bay  
  31  4:02  Marine x2  
  32  4:06  Medivac  
  35  4:11  Refinery  
  35  4:16  Bunker, SCV  
  36  4:20  SCV  
  37  4:32  SCV  
  37  4:35  Marine x2  
  40  4:44  SCV  
  40  4:45  Starport Reactor, SCV  
  42  4:50  Supply Depot  
  42  4:52  Terran Infantry Weapons Level 1  
  42  4:53  Marine x2  
  42  4:56  SCV  
  45  5:00  Marine  
  46  5:11  Marine x2  
  48  5:22  Marine  
  48  5:24  Orbital Command  
  48  5:26  SCV  
  50  5:29  Marine x2  
  50  5:33  Refinery  
  50  5:38  SCV  
  50  5:39  Marine  
  49  5:45  Siege Tank  
  49  5:46  Marine  
  49  5:47  Marine  
  54  5:50  SCV  
  55  5:57  Marine  
  55  6:03  SCV  
  57  6:04  Marine x2  
  59  6:15  SCV, Marine  
  61  6:22  Marine  
  61  6:25  Siege Tank, Marine  
  62  6:27  SCV  
  67  6:33  Marine  
  67  6:37  Command Center  
  67  6:39  SCV  
  68  6:40  Marine  
  68  6:43  Marine  
  68  6:46  Terran Infantry Armor Level 1  
  69  6:53  Marine  
  69  6:58  Marine  
  70  7:11  Marine x2  
  70  7:14  Supply Depot  
  72  7:15  Supply Depot, Marine  
  72  7:20  Supply Depot  
  73  7:26  Armory  
  73  7:29  Marine x2  
  73  7:30  Medivac x2  
  73  7:32  Combat Shield  
  73  7:33  Marine  
  80  7:43  Barracks  
  80  7:46  Supply Depot  
  80  7:47  Marine x2  
  82  7:51  Marine  
  82  7:53  SCV  
  84  8:05  SCV, Marine x2  
  87  8:06  SCV  
  87  8:09  Marine  
  89  8:17  SCV  
  89  8:18  SCV  
  91  8:23  Marine x2  
  93  8:27  Marine  
  93  8:29  SCV  
  93  8:30  Barracks  
  85  8:41  SCV, Marine x2  
  61  8:48  Marine  
  62  8:49  Liberator, Barracks Reactor  
  62  8:50  Liberator  
  62  8:54  SCV  
  63  8:58  Planetary Fortress, Marine x2  
  63  9:02  SCV  
  66  9:04  Terran Infantry Weapons Level 2  
  66  9:05  Marine  
  66  9:06  SCV  
  74  9:14  SCV  
  74  9:16  Marine x2  
  77  9:23  Marine  
  78  9:26  SCV, Barracks Reactor  
  78  9:27  Marine  
  78  9:28  Marine  
  81  9:34  SCV, Marine  
  81  9:36  SCV  
  84  9:43  Marine x2  
  84  9:45  Marine x2  
  86  9:46  SCV  
  86  9:48  SCV  
  86  9:50  Viking  
  86  9:52  Marine  
  93  9:59  Viking  
  95  10:01  Marine x2  
  95  10:03  Marine x2  
  99  10:10  SCV, Marine  
  101  10:15  Refinery, Marine x2  
  101  10:16  Refinery  
  101  10:19  Marine x2  
  101  10:20  Medivac  
  101  10:21  Marine x2  
  107  10:22  SCV  
  107  10:27  Marine  
  111  10:29  Medivac  
  111  10:33  Marine x2  
  115  10:37  Marine x2  
  115  10:39  Marine x2  
  119  10:43  Barracks  
  119  10:45  Marine  
  120  10:50  Starport  
  120  10:51  Marine x2  
  120  10:54  SCV, Marine  
  120  10:55  Marine  
  120  10:56  Marine  
  125  10:57  Marine  
  125  11:03  Marine  
  128  11:04  Siege Tank  
  128  11:06  SCV  
  128  11:09  Marine  
  133  11:15  Supply Depot  
  133  11:17  Supply Depot  
  133  11:21  SCV, Marine x4  
  133  11:22  Supply Depot  
  133  11:23  SCV  
  126  11:34  SCV  
  126  11:36  SCV  
  84  11:47  Marine x3  
  84  11:48  Marine x4  
  87  11:59  SCV  
  88  12:01  SCV  
  88  12:05  Marine x4  
  88  12:06  Terran Infantry Armor Level 2, Marine x3  
  96  12:11  SCV  
  97  12:20  Barracks Reactor  
  97  12:22  Starport Tech Lab  
  97  12:23  Marine x5  
  97  12:24  Marine x2  
  104  12:33  Medivac x2  
  108  12:41  Marine x7  
  115  12:44  SCV  
  116  12:56  SCV  
  113  12:58  Marine  
  113  12:59  Marine x5  
  105  13:06  Marine x3  
  105  13:09  SCV  
  109  13:16  Marine x2  
  109  13:17  Marine x2  
  113  13:25  Marine x4  
  113  13:26  Marine  
  118  13:28  Viking x2  
  118  13:30  Raven  
  118  13:34  Siege Tank, Marine x4  
  131  13:43  Marine x5  
  136  13:52  Marine x4  
  140  14:01  Marine x5  
  145  14:03  Refinery, Supply Depot  
  145  14:06  Siege Tank  
  145  14:07  SCV  
  149  14:10  Marine x4  
  153  14:19  SCV  
  153  14:21  Marine x4  
  153  14:22  Marine  
  159  14:25  Supply Depot  
  159  14:27  Marine  
  159  14:28  Marine x3  
  163  14:39  Marine, Command Center  
  163  14:41  Command Center  
  161  15:04  Marine x5  
  161  15:06  Siege Tank  
  169  15:07  Medivac x2  
  152  15:32  Marine x6  
  152  15:33  Marine x3  
  140  15:37  Medivac  
  140  15:38  Siege Tank  
  145  15:44  SCV  
  146  15:50  Marine x4  
  146  15:51  Fusion Core  
  146  15:56  SCV  
  151  16:01  Marine x2  
  153  16:08  SCV  
  153  16:10  Siege Tank  
  157  16:20  SCV  
  138  16:26  Marine x4  
  138  16:27  Marine x5  
  123  16:35  Viking x2  
  123  16:39  Supply Depot  
  127  16:42  Siege Tank  
  127  16:43  Planetary Fortress  
  127  16:44  Marine x5  
  127  16:45  Marine x4  
  139  17:02  Marine x3  
  139  17:03  Supply Depot  
  119  18:24  Supply Depot  
  119  18:27  Command Center  
  115  18:36  Supply Depot  
  101  18:47  Supply Depot  
  101  18:54  Barracks  
  101  19:10  Supply Depot  
  101  19:11  Supply Depot  
  101  19:19  Barracks  
  87  19:34  Supply Depot  
  87  19:35  Supply Depot  
  87  19:37  SCV  
  50  19:42  Barracks  
  38  19:49  SCV  
  30  20:01  SCV  
  30  20:02  Barracks Reactor  
  31  20:07  Supply Depot  
  31  20:08  Engineering Bay  
  31  20:10  Barracks Reactor  
  30  20:35  Supply Depot x2  
  30  20:36  Engineering Bay  
  30  20:37  Supply Depot  
  30  20:43  SCV  
  30  20:49  Liberator  
  30  20:56  SCV  
  31  20:57  Barracks  
  31  21:01  Barracks  
  31  21:02  Refinery  
  31  21:07  Refinery  
  34  21:17  SCV  
  35  21:26  SCV  
  35  21:29  SCV  
  37  21:36  Barracks  
  37  21:39  SCV  
  38  21:41  SCV  
  36  21:52  Barracks Reactor  
  40  21:58  Barracks Reactor  
Tags
 
Add a new tag
Caveats
  • Supply blocks, unpowered buildings, or Contaminate may cause inaccurate times.
  • Supply counts are checked every 10 seconds.